Map: 暮色之塔

Players

Doomraider

  • Race: Terran Terran
  • League: Platinum

shengy - Winner!

  • Race: Zerg Zerg
  • League: Platinum

VOD

Have the link to the VOD?

Description

Time

  • Played on: Dec. 24, 2015, 3:03 p.m.
  • Length: 13:57
Show
View Real Time Build Order
Export as new Build Order

Doomraider Terran 

Build Orders: Reaper Expand, MMM Bio 

Get SALT Encoding   

  12  0:01  SCV  
  13  0:14  SCV  
  14  0:18  Supply Depot  
  14  0:26  SCV  
  15  0:40  SCV, Barracks  
  16  0:51  Refinery  
  16  0:52  SCV  
  17  1:04  SCV  
  18  1:16  SCV  
  19  1:30  Command Center  
  20  1:37  Orbital Command  
  19  1:41  Reaper  
  20  1:58  Barracks  
  20  2:04  Barracks  
  20  2:07  SCV  
  21  2:19  SCV  
  22  2:24  Factory  
  22  2:29  Barracks Reactor  
  22  2:36  SCV  
  23  2:42  Orbital Command  
  23  2:48  SCV  
  23  2:51  Barracks Tech Lab  
  24  2:53  Refinery  
  24  3:07  Marine x3  
  24  3:09  Factory Tech Lab  
  27  3:24  Stimpack  
  27  3:25  Marine  
  28  3:28  Orbital Command, Marine x3  
  31  3:40  Command Center  
  31  3:55  Marine x4  
  32  3:56  SCV  
  36  4:03  SCV  
  36  4:08  SCV  
  38  4:12  Engineering Bay  
  38  4:13  Engineering Bay  
  37  4:24  Marine  
  37  4:29  Starport  
  38  4:33  Supply Depot  
  38  4:35  Marine  
  38  4:36  SCV  
  38  4:37  SCV  
  41  4:38  Marine  
  42  4:46  Terran Infantry Armor Level 1, Terran Infantry Weapons Level 1  
  42  4:49  Marine  
  42  4:50  Marine  
  44  4:54  Orbital Command  
  44  5:00  Siege Tank  
  48  5:07  SCV x2  
  48  5:10  Supply Depot, Starport Reactor  
  49  5:15  Marine  
  49  5:19  SCV  
  51  5:26  Marine x2  
  51  5:27  Marine  
  51  5:28  SCV x2  
  56  5:33  Marine  
  57  5:35  Armory  
  57  5:44  Siege Tank  
  57  5:48  Combat Shields  
  57  5:49  Marine x2  
  61  5:50  Marine  
  61  5:51  Marine  
  64  6:01  SCV x3  
  67  6:07  Refinery x2  
  67  6:09  Marine  
  67  6:10  Marine  
  67  6:11  Marine  
  70  6:19  Marine  
  70  6:22  Medivac  
  70  6:25  Supply Depot  
  73  6:27  Marine  
  73  6:31  SCV x2  
  77  6:39  Supply Depot  
  76  6:41  Supply Depot  
  76  6:42  Orbital Command  
  76  6:43  Marine  
  76  6:46  Medivac, Marine x2  
  81  6:51  Barracks  
  81  6:53  Barracks x2  
  81  6:55  Barracks  
  80  7:19  Medivac x2  
  60  7:23  Marine  
  60  7:24  Marine x3  
  60  7:28  Siege Tank  
  64  7:31  SCV x2  
  64  7:32  SCV  
  67  7:37  Supply Depot  
  67  7:38  Supply Depot  
  67  7:41  Marine x3  
  67  7:43  SCV  
  67  7:44  SCV, Barracks Reactor  
  74  7:45  Barracks Reactor  
  72  7:52  Barracks Reactor, Barracks  
  72  7:57  Liberator x2  
  68  8:10  Marine  
  68  8:11  Marine x2  
  68  8:12  Marine x2  
  73  8:17  Siege Tank  
  73  8:19  SCV  
  84  8:20  SCV x2  
  84  8:25  Marine x4  
  89  8:28  Terran Infantry Weapons Level 2, Terran Infantry Armor Level 2, Marine x2  
  89  8:30  Marine x2  
  93  8:37  SCV x3  
  93  8:40  Marine  
  98  8:44  Supply Depot  
  98  8:46  Barracks Reactor  
  98  8:49  SCV, Barracks Reactor  
  98  8:50  Marine x9  
  107  8:57  Siege Tank  
  107  8:58  Marine  
  107  9:00  SCV  
  107  9:01  SCV x2  
  114  9:05  Refinery  
  114  9:06  Refinery  
  114  9:08  Marine  
  115  9:34  Medivac x2  
  115  9:35  Siege Tank  
  115  9:38  Command Center  
  122  9:46  Marine x2  
  122  9:47  Marine  
  122  9:51  Supply Depot  
  125  9:53  Supply Depot x2, Marine  
  125  9:54  Supply Depot, Marine x9  
  125  9:57  Marine  
  95  10:04  Marine x3  
  92  10:11  Marine  
  92  10:12  Marine x5  
  98  10:20  Marine  
  99  10:28  Marine x5  
  104  10:35  Factory  
  104  10:39  Widow Mine  
  104  10:41  Drilling Claws  
  103  10:53  Orbital Command  
  103  10:56  Medivac x2  
  107  10:59  Terran Infantry Weapons Level 3  
  107  11:00  Terran Infantry Armor Level 3  
  107  11:01  Marine x4  
  111  11:10  Widow Mine  
  113  11:25  Marine  
  103  11:26  Marine x13  
  103  11:28  Orbital Command  
  117  11:43  Marine x2  
  117  11:44  Marine x2  
  122  11:54  SCV x4  
  125  12:08  Marine  
  125  12:09  Marine x13  
  128  12:26  Marine  
  128  12:27  Marine x3  
  128  12:29  Marine x2  
  118  12:30  Marine x8  
  95  12:44  Marine  
  95  12:45  Marine  
  95  12:46  Marine x2  
  95  12:47  Marine x4  
  95  12:50  Medivac x2  
  105  12:53  Factory Tech Lab  
  105  12:58  SCV  
  105  12:59  SCV x2  
  108  13:06  Marine x6  
  108  13:07  Marine x7  
  108  13:08  Marine  
  117  13:24  Marine x6  
Show
View Real Time Build Order
Export as new Build Order

shengy Zerg - Winner!

Build Orders: Hatch First, Muta Ling Bane 

Get SALT Encoding   

  12  0:01  Drone  
  13  0:09  Drone  
  14  0:17  Overlord  
  14  0:35  Drone x3  
  17  0:47  Drone  
  18  0:58  Hatchery  
  18  1:01  Drone  
  18  1:15  Spawning Pool  
  18  1:17  Drone  
  18  1:20  Drone  
  19  1:36  Drone  
  19  1:37  Extractor  
  19  1:52  Overlord  
  19  1:53  Hatchery  
  18  2:03  Drone  
  18  2:04  Zergling x2  
  20  2:10  Spine Crawler  
  20  2:14  Drone  
  20  2:21  Queen  
  22  2:33  Queen  
  24  2:37  Zergling x2  
  24  2:40  Zergling x2  
  26  2:46  Metabolic Boost  
  26  3:10  Queen  
  28  3:14  Queen  
  28  3:15  Drone  
  28  3:16  Drone x3  
  34  3:25  Drone x3  
  37  3:29  Drone  
  37  3:30  Drone  
  37  3:33  Drone  
  40  3:44  Drone  
  40  3:47  Drone  
  40  3:48  Overlord  
  42  3:58  Overlord  
  42  3:59  Overlord  
  42  4:03  Extractor  
  41  4:13  Overlord  
  41  4:14  Drone  
  42  4:25  Lair  
  42  4:31  Drone x2  
  42  4:32  Baneling Nest, Drone x3  
  42  4:36  Roach Warren  
  45  4:40  Drone  
  45  4:42  Evolution Chamber  
  45  4:43  Evolution Chamber  
  44  4:50  Drone x3  
  44  4:51  Drone  
  48  4:58  Drone x3  
  48  4:59  Drone x3  
  55  5:00  Drone x2  
  56  5:09  Drone x3  
  56  5:12  Zerg Ground Armor Level 1  
  59  5:17  Zerg Melee Weapons Level 1  
  59  5:20  Extractor, Drone x2  
  60  5:22  Extractor  
  59  5:35  Drone x3  
  62  5:43  Spire  
  62  5:44  Drone x3  
  64  5:51  Drone x2  
  64  5:56  Overlord x3  
  66  6:00  Extractor  
  66  6:01  Extractor, Drone  
  66  6:02  Overlord  
  65  6:08  Extractor  
  65  6:09  Hatchery  
  62  6:12  Extractor  
  62  6:15  Drone x3  
  62  6:16  Drone x4  
  68  6:20  Zergling x8  
  68  6:21  Zergling x2  
  73  6:30  Spore Crawler, Spine Crawler  
  73  6:31  Baneling x2  
  73  6:32  Centrifical Hooks  
  71  6:33  Zergling x2  
  71  6:34  Zergling x6  
  75  6:41  Baneling  
  75  6:42  Baneling x5  
  75  6:46  Baneling  
  75  6:54  Spine Crawler  
  74  6:55  Spore Crawler, Drone  
  74  6:56  Drone x2  
  74  7:00  Zergling x14  
  82  7:06  Hatchery  
  68  7:24  Zergling x10  
  68  7:27  Baneling x2  
  68  7:28  Baneling, Zergling x6  
  68  7:29  Zergling x6  
  77  7:34  Drone, Queen  
  80  7:38  Zergling x10  
  80  7:39  Infestation Pit, Zergling x6  
  80  7:43  Mutalisk x2  
  91  7:48  Baneling x2  
  91  7:49  Baneling x2  
  90  8:03  Drone x2, Overlord x2  
  92  8:09  Mutalisk x2  
  92  8:12  Overlord x5  
  96  8:15  Overseer  
  96  8:18  Drone x2  
  98  8:25  Drone  
  98  8:26  Drone  
  100  8:27  Drone  
  100  8:28  Drone x2  
  102  8:34  Zerg Ground Armor Level 2  
  102  8:35  Zerg Melee Weapons Level 2  
  102  8:43  Hive  
  102  8:57  Pathogen Glands  
  102  9:01  Overlord  
  102  9:02  Drone, Overlord  
  103  9:03  Drone x3  
  103  9:08  Pneumatized Carapace  
  106  9:18  Overlord  
  106  9:27  Baneling x3  
  106  9:29  Zergling x2  
  106  9:30  Zergling x36  
  125  9:33  Baneling  
  125  9:34  Baneling x6  
  125  9:35  Baneling  
  125  9:49  Spore Crawler  
  125  9:50  Spore Crawler  
  125  9:51  Spore Crawler  
  93  10:11  Adrenal Glands  
  93  10:14  Corruptor x3  
  93  10:15  Corruptor x4  
  93  10:16  Ultralisk Cavern  
  106  10:30  Drone x6  
  112  10:37  Drone x2  
  112  10:38  Drone x4  
  112  10:41  Extractor, Drone x3  
  112  10:42  Hatchery  
  119  10:45  Extractor  
  118  10:51  Zerg Ground Armor Level 3  
  118  10:54  Zerg Melee Weapons Level 3  
  118  11:21  Drone  
  118  11:22  Drone x4  
  119  11:25  Greater Spire  
  119  11:37  Ultralisk x5  
  149  11:40  Viper x3  
  158  11:48  Overlord x2  
  158  11:49  Drone x4  
  162  11:57  Baneling  
  162  11:58  Baneling x6  
  130  12:36  Viper x3, Ultralisk x4  
  145  12:51  Zergling x2  
  145  12:52  Zergling x34  
  145  12:53  Zergling x18  
  161  13:51  Extractor  
  161  13:52  Hatchery  
  161  13:53  Hatchery  
  161  13:54  Spine Crawler  
  161  13:55  Spore Crawler, Spine Crawler  
  161  13:56  Spore Crawler, Spine Crawler  
Tags
 
Add a new tag
Caveats
  • Supply blocks, unpowered buildings, or Contaminate may cause inaccurate times.
  • Supply counts are checked every 10 seconds.